 Dungeon Crawl Stone Soup version 0.22.0 (webtiles) character file.

0 ventricule the Sneak (level 1, -3/11 HPs)
             Began as a Halfling Enchanter on Aug 11, 2018.
             Slain by a kobold
             ... wielding a +0 short sword
              (4 damage)
             ... on level 1 of the Dungeon.
             The game lasted 00:00:46 (60 turns).

ventricule the Sneak (Halfling Enchanter)             Turns: 60, Time: 00:00:47

Health: -3/11      AC:  2    Str:  9    XL:     1   Next: 11%
Magic:  2/3        EV: 15    Int: 13    God:
Gold:   0          SH:  0    Dex: 14    Spells: 2/3 levels left

rFire    . . .     SeeInvis .   a - +1 dagger
rCold    . . .     Gourm    .   (shield restricted)
rNeg     . . .     Faith    .   b - +0 robe
rPois    .         Spirit   .   (no helmet)
rElec    .         Reflect  .   (no cloak)
rCorr    .         Harm     .   (no gloves)
MR       .....                  (no boots)
Stlth    ++........             (no amulet)
HPRegen  0.03/turn              (no ring)
MPRegen  0.08/turn              (no ring)

@: no status effects
A: small, mutation resistance 1
a: no special abilities


You were on level 1 of the Dungeon.
You were not hungry.

You visited 1 branch of the dungeon, and saw 1 of its levels.

Inventory:

Hand Weapons
 a - a +1 dagger (weapon)
Missiles
 Q - 22 stones (quivered)
Armour
 b - a +0 robe (worn)
Potions
 c - a potion of resistance {unknown}
Comestibles
 e - a ration


   Skills:
 + Level 1.2 Short Blades
 + Level 2.2 Dodging
 + Level 3.2 Stealth
 * Level 1.5 Spellcasting
 + Level 2.4 Hexes


You had 2 spell levels left.
You knew the following spells:

 Your Spells              Type           Power        Failure   Level  Hunger
v - Corona                Hex            #......      10%         1    ##.....

Your spell library contained the following spells:

 Spells                   Type           Power        Failure   Level  Hunger
 Confuse                  Hex            #.......     30%         3    ####...
 Tukima's Dance           Hex            #.......     30%         3    ####...
 Ensorcelled Hibernation  Hex/Ice        #.....       24%         2    ###....
 Dazzling Spray           Conj/Hex       #.....       43%         3    ####...


Dungeon Overview and Level Annotations

Branches:
Dungeon (1/15)

Altars:


Innate Abilities, Weirdness & Mutations

You are small and have problems with some larger weapons.
You are somewhat resistant to further mutation.


Message History

The kobold is outlined in light.
The kobold closely misses you.
You now have 1/3 mp.
You hit the kobold. The kobold closely misses you.
You closely miss the kobold. The kobold completely misses you.
You barely miss the kobold. The kobold barely misses you.
You hit the kobold but do no damage. The kobold misses you.
You hit the kobold but do no damage. You barely miss the kobold.
The kobold misses you.
You hit the kobold. The kobold hits you with a short sword.
Ouch! That really hurt!
* * * LOW HITPOINT WARNING * * *
You take 6 damage, and have 5/11 hp.
MASSIVE DAMAGE!!
You barely miss the kobold.
The kobold stops glowing.
The kobold hits you with a short sword.
* * * LOW HITPOINT WARNING * * *
You take 4 damage, and have 1/11 hp.
MASSIVE DAMAGE!!
The kobold hits you with a short sword.
You die...

##...##...##
###...#..###
###.##...# #.
###.#### #. #....##
#. ####..## #.
#####..###
.##.###........#
..)....@K....###
..##..######.########
## #........#
#######...#
#.....#...#
#.....#...#
#<........#
#.....#...#
#.....#...#


You could see a kobold.

Vault maps used:
D:1:      minmay_arrival_checkered_box

Notes
Turn   | Place    | Note
-------+----------+-------------------------------------------
     0 | D:1      | ventricule the Halfling Enchanter began the quest for the Orb.
     0 | D:1      | Reached XP level 1. HP: 11/11 MP: 3/3
    53 | D:1      | HP: 1/11 [kobold/short sword (4)]
    60 | D:1      | Identified a +0 short sword
    60 | D:1      | Slain by a kobold

Table legend:
 A = Turns spent in this place as a percentage of turns spent in the entire game.
 B = Non-inter-level travel turns spent in this place as a percentage of non-inter-level travel turns spent in the entire game.
 C = Inter-level travel turns spent in this place as a percentage of turns spent in this place.
 D = Turns resting spent in this place as a percentage of non-inter-level travel turns spent in this place.
 E = Turns spent auto-exploring this place as a percentage of non-inter-level travel turns spent in this place.
 F = Non-inter-level travel turns spent in this place divided by the number of levels of this place that you've seen.
                   A       B       C       D       E      F
               +-------+-------+-------+-------+-------+----------------------
         Total | 100.0 | 100.0 |   0.0 |   0.0 |  40.0 |  60.0
       Dungeon | 100.0 | 100.0 |   0.0 |   0.0 |  40.0 |  60.0
               +-------+-------+-------+-------+-------+----------------------

Table legend:
 A = Kills in this place as a percentage of kills in entire the game.
 B = Kills by you in this place as a percentage of kills by you in the entire game.
 C = Kills by friends in this place as a percentage of kills by friends in the entire game.
 D = Other kills in this place as a percentage of other kills in the entire game.
 E = Experience gained in this place as a percentage of experience gained in the entire game.
 F = Experience gained in this place divided by the number of levels of this place that you have seen.
                   A       B       C       D       E      F
               +-------+-------+-------+-------+-------+----------------------
         Total | 100.0 | 100.0 |   N/A |   N/A | 100.0 |   1.0
       Dungeon | 100.0 | 100.0 |   N/A |   N/A | 100.0 |   1.0
               +-------+-------+-------+-------+-------+----------------------

Action                   || total
-------------------------++-------
Melee: Dagger            ||    10
 Cast: Corona            ||     2
Dodge: Dodged            ||     6

Vanquished Creatures
  A rat (D:1)
1 creature vanquished.
